 Dungeon Crawl Stone Soup version 0.31-a0-609-g7bf6ffcfed (webtiles) character file.

Game seed: 3489162146453932721

2455 thirtiethelement the Magician (level 9, 0/64 HPs)
             Began as a Demonspawn Cinder Acolyte on Aug 21, 2023.
             Was a High Priest of Ignis.
             Killed by divine providence
             ... invoked by an orc priest
              (8 damage)
             ... on level 6 of the Dungeon.
             The game lasted 00:14:52 (5134 turns).

thirtiethelement the Magician (DsCA)                Turns: 5134, Time: 00:14:54

Health: 0/64       AC: 19    Str: 15    XL:     9   Next: 26%
Magic:  8/29       EV: 11    Int: 20    God:    Ignis [*****.]
Gold:   108        SH:  0    Dex:  8    Spells: 16/23 levels left

rFire   + + .        f - +1 war axe (venom)
rCold   . . .        (no shield)
rNeg    . . .        t - +3 leather armour {rF+}
rPois   +            (helmet restricted)
rElec   .            v - +0 cloak
rCorr   .            (no gloves)
SInv    .            w - +1 pair of boots
Will    .....        m - amulet of magic regeneration
Stlth   +            n - ring of magical power
HPRegen 0.30/turn    l - ring of poison resistance
MPRegen 0.82/turn

%: no passive effects
@: fiery-armoured
A: horns 1, thin metallic scales 2, magic regeneration
a: Renounce Religion, Fiery Armour, Foxfire Swarm, Rising Flame


You were on level 6 of the Dungeon.
You worshipped Ignis.
Ignis was extremely pleased with you.
You visited 2 branches of the dungeon, and saw 7 of its levels.

You collected 279 gold pieces.
You spent 171 gold pieces at shops.

Inventory:

Hand Weapons
 f - a +1 war axe of venom (weapon)
Armour
 t - a +3 leather armour of fire resistance (worn)
 v - a +0 cloak (worn)
 w - a +1 pair of boots (worn)
Jewellery
 a - a ring of protection from cold
 l - a ring of poison resistance (right hand)
 m - an amulet of magic regeneration (around neck)
 n - a ring of magical power (left hand)
Scrolls
 b - a scroll of blinking
 g - a scroll of amnesia
 p - a scroll of teleportation
 s - a scroll of revelation
Potions
 c - a potion of resistance
 d - a potion of heal wounds
 e - a potion of curing {unknown}
 h - 2 potions of lignification {unknown}
 i - a potion of degeneration {unknown}
 j - a potion of mutation {unknown}
 k - a potion of haste {unknown}
 o - a potion of cancellation {unknown}
 q - a potion of berserk rage {unknown}
 r - 2 potions of attraction {unknown}
 u - 2 potions of magic {unknown}


   Skills:
 + Level 3.5 Fighting
 + Level 3.9 Axes
 + Level 2.0 Armour
 + Level 2.0 Dodging
 + Level 1.0 Stealth
 + Level 7.9 Spellcasting
 + Level 7.2 Fire Magic


You had 16 spell levels left.
You knew the following spells:

 Your Spells              Type           Power      Damage    Failure   Level
a - Scorch                Fire           74%        2d8       1%          2
b - Summon Guardian Gole  Hex/Summ       7%         N/A       32%         3
c - Passwall              Tmut/Erth      5%         N/A       16%         2

Your spell library contained the following spells:

 Spells                   Type           Power      Damage    Failure   Level
 Cigotuvi's Dreadful Rot  Necr/Pois/Air  14%        N/A       16%         2
 Ensorcelled Hibernation  Hex/Ice        14%        N/A       16%         2
 Sublimation of Blood     Necr           7%         N/A       16%         2
 Wereblood                Tmut           7%         N/A       16%         2
 Swiftness                Air            7%         N/A       32%         3
 Dispel Undead            Necr           7%         3d8       71%         4
 Death Channel            Necr           3%         N/A       100%        6
 Orb of Destruction       Conj           3%         9d5       100%        7
 Spellforged Servitor     Conj/Summ      3%         N/A       100%        7
 Summon Hydra             Summ           3%         N/A       100%        7


Dungeon Overview and Level Annotations

Branches:
Dungeon (6/15)             Temple (1/1) D:4

Altars:
Gozag
Hepliaklqana
Makhleb
Qazlal
Ru
Uskayaw
Vehumet
Wu Jian

Shops:
D:3 *

Portals:
Abyss: D:4

Annotations:
D:4 2 transporters, Pokonic1's ghost, amateur DsNe


Innate Abilities, Weirdness & Mutations

You have a pair of small horns on your head.
You are mostly covered in thin metallic scales. (AC +3)
You regenerate magic rapidly.


Message History

The yak is heavily wounded.
Casting: Scorch (safe; 1% risk of failure)
Confirm with . or Enter, or press ? or * to list all spells.
Flames lash the yak.
The yak is moderately wounded.
The yak's fire resistance burns away.
The yak gores you but does no damage.
The yak is burned by your cloak of flames.
The yak is heavily wounded.
Casting: Scorch (safe; 1% risk of failure)
Confirm with . or Enter, or press ? or * to list all spells.
Flames lash the yak.
The yak is severely wounded.
The yak's fire resistance burns away.
The yak barely misses you.
Unknown command.
Casting: Scorch (safe; 1% risk of failure)
Confirm with . or Enter, or press ? or * to list all spells.
Flames lash the yak.
The yak is burned terribly!
The yak is heavily wounded.
The orc priest invokes the aid of Beogh against you.
Beogh smites you!
* * * LOW HITPOINT WARNING * * *
The yak gores you but does no damage.
The yak is burned terribly!
The yak is burned by your cloak of flames.
The yak is severely wounded.
Casting: Scorch (safe; 1% risk of failure)
Confirm with . or Enter, or press ? or * to list all spells.
Flames lash the orc.
The orc is burned terribly!
You kill the orc!
The yak gores you!
* * * LOW HITPOINT WARNING * * *
The yak is burned terribly!
The yak is burned by your cloak of flames.
The yak is almost dead.
Casting: Scorch (safe; 1% risk of failure)
Confirm with . or Enter, or press ? or * to list all spells.
Flames lash the yak but do no damage.
The yak is no longer more vulnerable to fire.
The orc priest calls down the wrath of Beogh upon you.
Beogh smites you!
You die...

.........##
........##
.......## .
......## ..
....### ..# ....#
..# ....# ).#
....# ####o..##
....# ###.@YY)..#
#...##
###...###...#
###..######...###
..# ###..##...###
. ###...###
#....## #......#
#........
#.........#


You could see 2 yaks and an orc priest (combustible).

Vanquished Creatures
  Pikel (D:5)
  Sigmund (D:2)
  A wyvern (D:5)
  4 yaks (D:6)
  An ice beast (D:5)
  A black bear (D:5)
  2 ogres
  A centaur (D:6)
  2 bullfrogs
  4 scorpions
  A hound (D:4)
  An orc priest (D:4)
  3 iguanas
  A sleepcap (D:4)
  An orc wizard (D:3)
  3 gnolls (D:4)
  2 adders (D:5)
  A shadow imp (D:5)
  An ufetubus (D:5)
  2 worms
  4 dart slugs
  21 orcs
  7 bats
  7 endoplasms
  3 giant cockroaches
  3 goblins
  8 hobgoblins
  A quokka (D:2)
  3 ball pythons
  8 frilled lizards
  8 kobolds
  4 rats
111 creatures vanquished.

Notes
Turn   | Place    | Note
-------+----------+-------------------------------------------
     0 | D:1      | thirtiethelement the Demonspawn Cinder Acolyte began the
                  | quest for the Orb.
     0 | D:1      | Reached XP level 1. HP: 18/18 MP: 2/2
   208 | D:1      | Gained mutation: You are partially covered in thin metallic
                  | scales. (AC +2) [demonic ancestry]
   208 | D:1      | Reached XP level 2. HP: 23/24 MP: 3/3
   211 | D:1      | Learned a level 2 spell: Scorch
   916 | D:2      | Reached XP level 3. HP: 29/29 MP: 0/5
  1480 | D:2      | Noticed Sigmund
  1493 | D:2      | Killed Sigmund
  1494 | D:2      | Reached skill level 1 in Dodging
  1494 | D:2      | Gained mutation: You are mostly covered in thin metallic
                  | scales. (AC +3) [demonic ancestry]
  1494 | D:2      | Reached XP level 4. HP: 31/35 MP: 2/8
  1494 | D:2      | Reached XP level 5. HP: 37/41 MP: 2/9
  1877 | D:2      | Learned a level 3 spell: Summon Guardian Golem
  1997 | D:2      | Found a hide-covered altar of Uskayaw.
  2187 | D:3      | Found a burning altar of Makhleb.
  2400 | D:3      | Found Zibbecas's Assorted Antiques.
  2408 | D:3      | Bought 3 scrolls labelled JIRCHU GEM PIGH for 57 gold
                  | pieces
  2408 | D:3      | Bought a scroll labelled BUGICS JYPIUPP for 19 gold pieces
  2408 | D:3      | Bought a dyed leather armour for 95 gold pieces
  2454 | D:3      | Found a hazy altar of Hepliaklqana.
  2907 | D:4      | Noticed an ogre
  2917 | D:4      | Killed an ogre
  2918 | D:4      | Reached XP level 6. HP: 47/47 MP: 11/11
  2918 | D:4      | Found a staircase to the Ecumenical Temple.
  3000 | D:4      | Learned a level 2 spell: Passwall
  3252 | D:4      | Found a transporter.
  3286 | D:4      | Found a transporter.
  3286 | D:4      | Found a one-way gate to the infinite horrors of the Abyss.
  3286 | D:4      | Noticed Pokonic1's ghost (amateur DsNe)
  3376 | D:4      | Gained mutation: You have a pair of small horns on your
                  | head. [demonic ancestry]
  3376 | D:4      | Reached XP level 7. HP: 46/52 MP: 12/13
  3733 | Temple   | Entered the Ecumenical Temple
  3761 | D:5      | Entered Level 5 of the Dungeon
  3933 | D:5      | Reached skill level 5 in Fire Magic
  3959 | D:5      | Reached skill level 5 in Spellcasting
  4231 | D:5      | Noticed a wyvern
  4237 | D:5      | Killed a wyvern
  4263 | D:5      | Gained mutation: You regenerate magic rapidly. [demonic
                  | ancestry]
  4263 | D:5      | Reached XP level 8. HP: 57/58 MP: 16/16
  4366 | D:5      | Noticed Pikel
  4398 | D:5      | Killed Pikel
  4399 | D:5      | Reached skill level 1 in Armour
  4736 | D:5      | Reached skill level 1 in Stealth
  5104 | D:6      | Reached XP level 9. HP: 60/64 MP: 20/20
  5134 | D:6      | Killed from afar by an orc priest

Illustrated notes

Levels and vault maps discovered:
D:1:      dpeg_arrival_yet_another_circle, layout_basic, minmay_tripent
D:2:      layout_basic, basic_altar, minmay_splitting_lines, minmay_lizard_pond,
          uniq_sigmund
D:3:      layout_loops_ring, mainiacjoe_overflow_24_doors,
          mainiacjoe_overflow_surrounded_room, serial_shops,
          nicolae_shop_tiny_waterfront
D:4:      layout_loops_ring, minmay_temple_entry_glass,
          gammafunk_ghost_abyssal_escape
D:5:      layout_loops_corners, uniq_pikel
D:6:      layout_cave_pods
Temple:   hellmonk_temple_micro_hex

Skill      XL: |  1  2  3  4  5  6  7  8  9 |
---------------+----------------------------+-----
Axes           | 3 |  3.9
Fire Magic     | 3 4 5 6 7 |  7.2
Dodging        | 1 2 |  2.0
Spellcasting   | 2 3 4 5 7 |  7.9
Armour         | 1 2 |  2.0
Stealth        | 1 |  1.0
Fighting       | |  3.5

Action                     |  1- 3 |  4- 6 |  7- 9 || total
---------------------------+-------+-------+-------++-------
  Melee: Hand axe          |    76 |     1 |       ||    77
         Punch             |     1 |       |       ||     1
         War axe           |       |       |    12 ||    12
         Headbutt          |       |       |     4 ||     4
   Cast: Scorch            |    24 |    65 |    93 ||   182
         Summon Guardian G |       |     1 |       ||     1
 Invoke: Fiery Armour      |     1 |     1 |     1 ||     3
    Use: Scroll            |       |     4 |     5 ||     9
         Potion            |       |       |     1 ||     1
 Armour: Robe              |    26 |     1 |       ||    27
         Leather armour    |       |     9 |    28 ||    37
  Dodge: Dodged            |    46 |    14 |    46 ||   106

Table legend: (Time is in decaauts)
 A = Elapsed time spent in this place.
 B = Non-inter-level travel time spent in this place.
 C = Inter-level travel time spent in this place.
 D = Time resting spent in this place.
 E = Time spent auto-exploring this place.
 F = Levels seen in this place.
 G = Mean time per level.
                   A        B        C        D        E       F      G
               +--------+--------+--------+--------+--------+-----+--------+
         Total |   5146 |   5036 |    110 |      0 |   4268 |   7 |  735.1 |
       Dungeon |   5142 |   5032 |    110 |      0 |   4268 |   6 |  857.0 |
        Temple |      3 |      3 |      0 |      0 |      0 |   1 |    3.0 |
               +--------+--------+--------+--------+--------+-----+--------+

Top non-repeatable levels by time:
     D:2: 1285 daAuts
     D:5: 1151 daAuts
     D:4: 852 daAuts
     D:1: 826 daAuts
     D:3: 802 daAuts
     D:6: 224 daAuts
  Temple: 3 daAuts
